 Dungeon Crawl Stone Soup version 0.29-a0-284-gf9362112df (webtiles) character file.

Game seed: 16446355224568567386

60 gzilladon the Sneak (level 3, 0/16 HPs)
             Began as a Spriggan Enchanter on Mar 24, 2022.
             Slain by a gnoll
             ... wielding a +0 halberd
              (6 damage)
             ... on level 3 of the Dungeon.
             The game lasted 00:08:46 (2673 turns).

gzilladon the Sneak (Spriggan Enchanter)            Turns: 2673, Time: 00:08:47

Health: 0/16       AC:  2    Str:  4    XL:     3   Next: 80%
Magic:  8/8        EV: 18    Int: 16    God:
Gold:   103        SH:  0    Dex: 17    Spells: 7/7 levels left

rFire   . . .      SeeInvis +   a - +1 dagger
rCold   . . .      Faith    .   (no shield)
rNeg    . . .      Spirit   .   b - +0 robe
rPois   .          Reflect  .   (helmet restricted)
rElec   .          Harm     .   (no cloak)
rCorr   .          Rampage  .   (gloves unavailable)
Will    .....                   (boots unavailable)
Stlth   +++.......              f - amulet of the acrobat
HPRegen 0.05/turn               u - ring of wizardry
MPRegen 0.11/turn               (no ring)

@: very quick
A: very small, no large weapons, unfitting armour, see invisible, speed 3
a: no special abilities


You were on level 3 of the Dungeon.
You visited 1 branch of the dungeon, and saw 3 of its levels.

You collected 103 gold pieces.

Inventory:

Hand Weapons
 a - a +1 dagger (weapon)
Missiles
 d - 55 stones (quivered)
Armour
 b - a +0 robe (worn)
 j - a +0 buckler
Jewellery
 f - an amulet of the acrobat (around neck)
 u - a ring of wizardry (left hand)
Wands
 p - a wand of charming (11)
Scrolls
 e - a scroll of magic mapping {unknown}
 h - 2 scrolls of enchant armour {unknown}
 k - 2 scrolls of torment {unknown}
 m - a scroll of identify {unknown}
 q - a scroll of enchant weapon {unknown}
 s - a scroll of silence {unknown}
 t - a scroll of noise {unknown}
Potions
 c - a potion of invisibility
 g - 2 potions of flight {unknown}
 i - 2 potions of haste {unknown}
 l - a potion of degeneration {unknown}
 n - a potion of cancellation {unknown}
 o - a potion of berserk rage {unknown}
 r - a potion of brilliance {unknown}


   Skills:
 + Level 0.2 Fighting
 + Level 1.8 Short Blades
 + Level 3.2 Dodging
 + Level 5.1 Stealth
 + Level 2.9 Spellcasting
 + Level 4.6 Hexes


You had 7 spell levels left.
You didn't know any spells.
Your spell library contained the following spells:

 Spells                   Type           Power      Damage    Failure   Level
 Confusing Touch          Hex            17%        N/A       3%          3
 Tukima's Dance           Hex            17%        N/A       3%          3
 Ensorcelled Hibernation  Hex/Ice        18%        N/A       4%          2
 Dazzling Flash           Conj/Hex       18%        N/A       9%          3


Dungeon Overview and Level Annotations

Branches:
Dungeon (3/15)

Altars:
Trog


Innate Abilities, Weirdness & Mutations

You are very small and have problems with some larger weapons.
You are too small for most types of armour.
You have supernaturally acute eyesight. (SInv)
You cover ground extremely quickly. (Speed+++)


Message History

A bat comes into view.
The helpless bat fails to defend itself.
You impale the bat!!
You kill the bat!
u - a ring of wizardry (left hand)
There is a stone staircase leading up here.
You see here a bat corpse.
You see here a bat corpse.
There is a stone staircase leading up here.
You climb upwards.
There is a stone staircase leading down here.
You open the door.
There is an open door here.
You open the door.
There is an open door here.
You see here an adder skeleton.
There is a stone staircase leading down here.
You climb downwards.
The gnoll shouts! x2
Found 35 stones, 3 gold pieces and 3 curare-tipped darts.
There is a stone staircase leading up here.
A gnoll comes into view. It is wielding a +0 spear.
The adder hisses angrily.
A gnoll comes into view. It is wielding a +0 club.
You see here 3 gold pieces.
You now have 103 gold pieces (gained 3).
The gnoll shouts!
The gnoll shouts!
You hit the adder.
The adder is heavily wounded.
The gnoll barely misses you.
The gnoll hits you from afar with a +0 spear!
The adder misses you. The adder completely misses you. The adder misses you.
The gnoll hits you from afar with a +0 halberd.
The gnoll closely misses you. The adder bites you.
There is a stone staircase leading up here.
The gnoll hits you from afar with a +0 halberd.
You die...

#..... #.#
#..... #.#
#...## #.#
#...#. #.#
#...#.
###.#######
#...#.
#..........
#...#.
#..........
#...#.
#..@.(.....
#...'.
#.S...(....
#...#.
#ggr..(....
#...#.
#.gg.......
#...#.
#..........
#.#.##
#..........
#.##..
......#####
##. ..
#......#
.###
....... #.


You could see 4 gnolls, an adder and a quokka.

Vanquished Creatures
  2 adders
  A worm (D:2)
  A dart slug (D:1)
  3 ball pythons
  6 bats
  6 endoplasms
  3 giant cockroaches
  2 goblins
  A hobgoblin (D:1)
  2 kobolds (D:1)
  A quokka (D:3)
  3 frilled lizards
  4 rats
35 creatures vanquished.

Vanquished Creatures (others)
  4 plants (D:2)
4 creatures vanquished.

Grand Total: 39 creatures vanquished

Notes
Turn   | Place    | Note
-------+----------+-------------------------------------------
     0 | D:1      | gzilladon the Spriggan Enchanter began the quest for the
                  | Orb.
     0 | D:1      | Reached XP level 1. HP: 9/9 MP: 5/5
   595 | D:1      | Reached XP level 2. HP: 13/13 MP: 6/6
  1362 | D:2      | Found a bloodstained altar of Trog.
  1609 | D:2      | Reached XP level 3. HP: 15/16 MP: 8/8
  2176 | D:3      | Reached skill level 5 in Stealth
  2673 | D:3      | Slain by a gnoll

Illustrated notes

Levels and vault maps discovered:
D:1:      dpeg_arrival_line_fractal, layout_loops_corners,
          hellmonk_ecumenical_altar_heavens_door
D:2:      layout_basic, basic_altar, serial_forest,
          infiniplex_forest_clump_double, infiniplex_forest_straight_4,
          infiniplex_forest_clump_curved, infiniplex_forest_straight_3,
          infiniplex_forest_lined_3, infiniplex_forest_clump_diagonal,
          infiniplex_forest_clump_curved, uniq_natasha
D:3:      layout_basic, grunt_decor_clamped, uniq_sigmund

Skill      XL: |  1  2  3 |
---------------+----------+-----
Hexes          | 4 |  4.6
Dodging        | 3 |  3.2
Stealth        | 5 |  5.1
Fighting       | |  0.2
Short Blades   | |  1.8
Spellcasting   | |  2.9

Action                   || total
-------------------------++-------
Melee: Dagger            ||   133
       Punch             ||     2
  Use: Potion            ||     1
 Stab: Sleeping          ||     7
Armor: Robe              ||    15
Dodge: Dodged            ||   113

Table legend: (Time is in decaauts)
 A = Elapsed time spent in this place.
 B = Non-inter-level travel time spent in this place.
 C = Inter-level travel time spent in this place.
 D = Time resting spent in this place.
 E = Time spent auto-exploring this place.
 F = Levels seen in this place.
 G = Mean time per level.
                   A        B        C        D        E       F      G
               +--------+--------+--------+--------+--------+-----+--------+
         Total |   2162 |   2161 |      1 |   1202 |      0 |   3 |  720.7 |
       Dungeon |   2162 |   2161 |      1 |   1202 |      0 |   3 |  720.7 |
               +--------+--------+--------+--------+--------+-----+--------+

Top non-repeatable levels by time:
     D:1: 865 daAuts
     D:3: 714 daAuts
     D:2: 583 daAuts
